 Dungeon Crawl Stone Soup version 0.30.1-11-g7821555f0a (webtiles) character file.

Game seed: 4132833110537072993

70 Okkudo the Chopper (level 4, -2/41 HPs)
             Began as a Hill Orc Monk on Dec 6, 2023.
             Slain by Ijyb
             ... wielding a +5 spectral club
              (6 damage)
             ... on level 2 of the Dungeon.
             The game lasted 00:04:12 (1385 turns).

Okkudo the Chopper (Hill Orc Monk)                  Turns: 1385, Time: 00:04:13

Health: -2/41      AC: 10    Str: 15    XL:     4   Next: 22%
Magic:  4/4        EV:  4    Int: 10    God:
Gold:   70         SH:  0    Dex: 13    Spells: 3/3 levels left

rFire   . . .        a - +0 hand axe
rCold   . . .        d - orb {light}
rNeg    . . .        e - +0 plate armour
rPois   .            (no helmet)
rElec   .            (no cloak)
rCorr   .            (no gloves)
SInv    .            (no boots)
Will    .....        (no amulet) Stlth
                     (no ring)
HPRegen 0.26/turn    (no ring)
MPRegen 0.09/turn

%: no passive effects
@: glowing
A: no striking features
a: no special abilities


You were on level 2 of the Dungeon.
You visited 1 branch of the dungeon, and saw 2 of its levels.

You collected 70 gold pieces.

Inventory:

Hand Weapons
 a - a +0 hand axe (weapon)
 g - a +3 spear
Armour
 d - an orb of light (worn)
 e - a +0 plate armour (worn)
Jewellery
 m - an amulet of faith
Scrolls
 b - 2 scrolls of fog {unknown}
 f - a scroll of identify {unknown}
 j - a scroll of enchant armour {unknown}
 k - a scroll of magic mapping {unknown}
Potions
 h - 2 potions of curing {unknown}
 i - a potion of mutation {unknown}
 l - a potion of berserk rage {unknown}


   Skills:
 + Level 4.5 Fighting
 + Level 5.0 Axes
 + Level 3.0 Dodging


You had 3 spell levels left.
You didn't know any spells.
Your spell library contained the following spells:

 Spells                   Type           Power      Damage    Failure   Level
 Apportation              Tloc           0%         N/A       100%        1
 Necrotise                Necr           0%         1d4       100%        1
 Summon Small Mammal      Summ           0%         N/A       100%        1
 Summon Ice Beast         Ice/Summ       0%         N/A       100%        4
 Summon Mana Viper        Hex/Summ       0%         N/A       100%        5
 Monstrous Menagerie      Summ           0%         N/A       100%        7


Dungeon Overview and Level Annotations

Branches:
Dungeon (2/15)

Altars:
Dithmenos

Annotations:
D:2 Ijyb


Message History

You barely miss Ijyb. You hit the +5 spectral club.
Ijyb shares her spectral weapon's damage!
Ijyb hits you but does no damage. The +5 spectral club hits you.
You hit Ijyb.
Ijyb is moderately wounded.
You barely miss the +5 spectral club. Ijyb hits you with a +5 spectral club.
The +5 spectral club hits you but does no damage.
You hit Ijyb but do no damage.
Ijyb is moderately wounded.
You barely miss the +5 spectral club. Ijyb hits you with a +5 spectral club.
The +5 spectral club hits you.
You hit Ijyb but do no damage.
Ijyb is moderately wounded.
You hit the +5 spectral club.
Ijyb shares her spectral weapon's damage!
Ijyb hits you with a +5 spectral club.
* * * LOW HITPOINT WARNING * * *
The +5 spectral club hits you but does no damage.
You are confused.
You feel invigorated.
The +5 spectral club hits you but does no damage. x2
The +5 spectral club barely misses you. Ijyb hits you but does no damage.
The +5 spectral club hits you. Ijyb hits you but does no damage.
The +5 spectral club hits you.
* * * LOW HITPOINT WARNING * * *
The +5 spectral club attacks as you move away!
The +5 spectral club hits you.
* * * LOW HITPOINT WARNING * * *
The +5 spectral club disappears.
Ijyb hits you with a +5 spectral club. The +5 spectral club hits you.
* * * LOW HITPOINT WARNING * * *
A +5 spectral club comes into view.
Ijyb attacks as you move away! Ijyb hits you with a +5 spectral club.
* * * LOW HITPOINT WARNING * * *
The +5 spectral club hits you.
* * * LOW HITPOINT WARNING * * *
You feel less invigorated.
You feel less confused.
The +5 spectral club disappears.
Ijyb hits you with a +5 spectral club.
You die...

..........#
##...#.######
##.#...<..##.##
#..###.##...#.#### ..
#.##......>.# ..
#<##........## .
..##.....)...##
.........)g...##
...........#@#..####
##.##.....##.....).##
#....########...#
##?.##.8.8.8.8..#
.... #.....gg...#
.... #?....g....#
..... #..........#
#(.........#
#..........#


You could see Ijyb.

Vanquished Creatures
  2 gnolls (D:1)
  A dart slug (D:1)
  3 bats (D:1)
  4 endoplasms (D:1)
  6 goblins (D:2)
  6 hobgoblins (D:1)
  2 jackals (D:1)
  3 quokkas (D:1)
  9 ball pythons
  2 frilled lizards (D:1)
  3 kobolds
  2 rats (D:1)
43 creatures vanquished.

Notes
Turn   | Place    | Note
-------+----------+-------------------------------------------
     0 | D:1      | Okkudo the Hill Orc Monk began the quest for the Orb.
     0 | D:1      | Reached XP level 1. HP: 19/19 MP: 1/1
   135 | D:1      | Reached XP level 2. HP: 11/27 MP: 2/2
   252 | D:1      | Reached XP level 3. HP: 23/33 MP: 3/3
   668 | D:1      | Reached XP level 4. HP: 40/41 MP: 4/4
  1325 | D:2      | Found a shadowy altar of Dithmenos.
  1329 | D:2      | Reached skill level 5 in Axes
  1343 | D:2      | Noticed Ijyb
  1384 | D:2      | HP: 1/41 [+5 spectral club[Ijyb] (3)]
  1385 | D:2      | Slain by Ijyb

Illustrated notes

Levels and vault maps discovered:
D:1:      dpeg_arrival_water_fire, layout_basic, chequers_big_river
D:2:      kennysheep_the_goblin_king, layout_rooms, basic_altar,
          hangedman_abyss_or_decor_stabs, feat_on_display, uniq_terence

Skill      XL: |  1  2  3  4 |
---------------+-------------+-----
Fighting       | 4 |  4.5
Dodging        | 3 |  3.0
Axes           | 5 |  5.0

Action                     |  1- 3 |  4- 6 || total
---------------------------+-------+-------++-------
  Melee: Hand axe          |    82 |    32 ||   114
    Use: Potion            |       |     1 ||     1
 Armour: Plate armour      |    57 |    29 ||    86
  Dodge: Dodged            |    22 |     4 ||    26
